 Dungeon Crawl Stone Soup version 0.21-a0-122-g43b3ea6 (webtiles) character file.

137 grindst0ne the Skirmisher (level 5, 0/38 HPs)
             Began as a Formicid Abyssal Knight on July 13, 2017.
             Was a Follower of Lugonu.
             Killed by nerve-wracking pain
             ... invoked by an orc priest
              (10 damage)
             ... on level 3 of the Dungeon.
             The game lasted 00:03:45 (2240 turns).

grindst0ne the Skirmisher (Formicid Abyssal Knight) Turns: 2240, Time: 00:03:46

Health: 0/38       AC:  9    Str: 17    XL:     5   Next: 43%
Magic:  8/8        EV:  7    Int: 12    God:    Lugonu [*.....]
Gold:   102        SH:  0    Dex: 15    Spells: 4/4 levels left

rFire    . . .     SeeInvis +   a - +1 hand axe
rCold    . . .     Gourm    .   (no shield)
rNeg     . . .     Faith    .   m - +0 chain mail
rPois    .         Spirit   .   (helmet unavailable)
rElec    .         Reflect  .   (no cloak)
rCorr    .         Harm     .   (no gloves)
MR       +....     Clarity  +   (no boots)
Stlth    ..........             (no amulet)
HPRegen  0.12/turn              d - +5 ring of dexterity
MPRegen  0.11/turn              k - ring of flight

@: no status effects
A: permanent stasis, dig shafts and tunnels, four strong arms, antennae 3,
clarity, frail 1, magic resistance 1
a: Dig, Shaft Self, Depart the Abyss, Renounce Religion, Evoke Flight


You were on level 3 of the Dungeon.
You worshipped Lugonu.
Lugonu was aware of your devotion.
You were not hungry.

You visited 1 branch of the dungeon, and saw 3 of its levels.
You visited the Abyss 1 time.

You collected 102 gold pieces.

Inventory:

Hand Weapons
 a - a +1 hand axe (weapon)
Armour
 b - a +0 leather armour
 m - a +0 chain mail (worn)
Jewellery
 d - a +5 ring of dexterity (left hand)
 k - a ring of flight (right hand)
Scrolls
 e - a scroll of recharging {unknown}
 f - 2 scrolls of immolation {unknown}
 j - a scroll of noise {unknown}
 o - a scroll of amnesia {unknown}
 q - 2 scrolls of remove curse {unknown}
 s - a scroll of teleportation {unknown}
Potions
 p - a potion of flight
 t - a potion of degeneration {unknown}
Comestibles
 c - 2 bread rations
 g - 8 chunks of flesh
 i - 2 meat rations


   Skills:
 + Level 4.4 Fighting
 - Level 2.0 Axes
 + Level 3.6 Armour
 - Level 0.8 Dodging
 + Level 4.1 Invocations


You had 4 spell levels left.
You didn't know any spells.

Dungeon Overview and Level Annotations

Branches:
Dungeon (3/15)

Altars:


Innate Abilities, Weirdness & Mutations

You cannot be hasted, slowed, berserked, paralysed or teleported.
You can dig through walls and to a lower floor.
Your four strong arms can wield two-handed weapons with a shield.
You have a pair of large antennae on your head. (SInv)
You possess an exceptional clarity of mind.
You are frail. (-10% HP)
You are resistant to hostile enchantments. (MR+)


Message History

The orc is severely wounded.
The orc hits you with a flail.
You hit the orc.
You kill the orc!
Lugonu accepts your kill.
You closely miss the orc priest.
The orc priest calls down the wrath of Beogh upon you.
Pain shoots through your body!
Some of the chunks of flesh in your inventory have rotted away.
You hit the orc priest.
The orc priest is moderately wounded.
The orc priest hits you but does no damage.
You hit the orc priest.
The orc priest is heavily wounded.
The orc priest calls down the wrath of Beogh upon you.
Beogh smites you!
* * * LOW HITPOINT WARNING * * *
The orc priest invokes the aid of Beogh against you.
Pain shoots through your body!
You die...

# ####.........##.# #.###...##. #
#............##.# #.# ##'###.
###+#.#####+#######.# #.####..##.
......#####.# #####.# #..........
............# #.....###...###..#.
............###.###............#.
..............#.###.#.......#..#.
###+#.#######.#.#o#.#.#...#.#..#.
#.# #.#.@#{{#o..{...#..#. #.#
#.#)###.#o.. ...#..#. #.# #.#.#
#.#.......#..#. #.# #.#.#
#.#o#.o. . #. ###+#+#######.#.#
#.#^..... #. #.............#.#
#.# #.......###.###.# #.# {
#.......'...)...# ..
#.......#####.###


You could see an orc priest.

Vanquished Creatures
  An iguana (D:3)
  4 gnolls (D:3)
  An adder (D:2)
  An ooze (D:1)
  A worm (D:2)
  2 dart slugs (D:2)
  4 leopard geckos
  3 orcs (D:3)
  2 ball pythons
  3 bats
  A giant cockroach (D:2)
  3 goblins
  3 hobgoblins
  4 jackals (D:2)
  5 kobolds
  5 frilled lizards
  A quokka skeleton (D:3)
  4 rats
48 creatures vanquished.

Notes
Turn   | Place    | Note
-------+----------+-------------------------------------------
     0 | Abyss:1  | grindst0ne the Formicid Abyssal Knight began the quest for the Orb.
     0 | Abyss:1  | Reached XP level 1. HP: 18/18 MP: 2/2
    57 | Abyss:1  | Noticed a frost giant zombie
    59 | Abyss:1  | Noticed a large abomination
    60 | D:1      | Escaped the Abyss
   156 | D:1      | Reached XP level 2. HP: 20/24 MP: 3/3
   749 | D:2      | Reached * piety under Lugonu
   750 | D:2      | Reached XP level 3. HP: 30/30 MP: 3/5
  1466 | D:2      | Reached XP level 4. HP: 34/37 MP: 6/6
  2170 | D:3      | Gained mutation: You are resistant to hostile enchantments. (MR+) [potion of mutation]
  2170 | D:3      | Gained mutation: You are frail. (-10% HP) [potion of mutation]
  2170 | D:3      | Gained mutation: You possess an exceptional clarity of mind. [potion of mutation]
  2181 | D:3      | Reached XP level 5. HP: 37/37 MP: 7/7
  2240 | D:3      | Killed from afar by an orc priest

Vault maps used:
D:1:      roderic_crossed_star, minmay_misc_feat_plants, minmay_tromino_v4_c
D:2:      moated_statue
D:3:      cheibrodos_pilgrimage
Abyss:1:  lemuel_flamethrower_2

Skill      XL: |  1  2  3  4  5 |
---------------+----------------+-----
Invocations    | 3 4 |  4.1
Fighting       | 4 |  4.4
Armour         | 3 |  3.6
Axes           | |  2.0
Dodging        | |  0.8

Action                   |  1- 3 |  4- 6 || total
-------------------------+-------+-------++-------
Melee: Hand axe          |    93 |    96 ||   189
Invok: Depart the Abyss  |     1 |       ||     1
 Abil: Dig               |       |     4 ||     4
  Use: Potion            |       |     6 ||     6
       Scroll            |       |     2 ||     2
 Stab: Invisible         |       |     2 ||     2
  Eat: Chunk             |     1 |     4 ||     5
Armor: Leather armour    |     2 |       ||     2
       Chain mail        |    39 |    62 ||   101
Dodge: Dodged            |    31 |    48 ||    79
